[Event "*** SCC Grand Prix: Titled Tuesday Blitz"]
[Site "Chess.com"]
[Date "2020.08.11"]
[Round "2"]
[White "tk22h"]
[Black "Joshukid"]
[Result "1-0"]
[WhiteElo "2388"]
[BlackElo "2690"]
[TimeControl "180+1"]
[EndTime "10:19:44 PDT"]
[Termination "tk22h won on time"]

1. c4 g6 2. Nc3 Bg7 3. Nf3 d6 4. d4 e5 5. dxe5 dxe5 6. Qxd8+ Kxd8 7. Bd2 c6 8. O-O-O Kc7 9. h3 h6 10. g4 Be6 11. e3 Nd7 12. Ne4 a5 13. Bc3 f5 14.
gxf5 gxf5 15. Ng3 Ne7 16. Rg1 Rhg8 17. Nh5 Bh8 18. Be2 b6 19. b3 Raf8 20. Nh4 Nc5 21. f4 Ne4 22. Bxe5+ Bxe5 23. fxe5 Nc3 24. Nf4 Bc8 25.
Rdf1 Nxa2+ 26. Kb2 Nb4 27. Kc3 Bd7 28. Nhg6 Nxg6 29.
Rxg6 Rxg6 30. Nxg6 Re8 31. Rf4 Rg8 32. Nh4 b5 33. Bd3 Rg2 34. Nxf5 Na2+ 35. Kd4 Kb6 36. c5+ Kc7 37. Nd6 Rd2 38. Ke4 Nc3+ 39. Kd4 Ne2+ 40.
Ke4 Nc3+ 41. Kd4 Ne2+ 42. Ke4 Nxf4 43. exf4 a4 44. bxa4 bxa4 45. Bc4 Bxh3 46. f5 a3 47. e6 Bg2+ 48. Ke5 Bd5 49. Bxd5 Rxd5+ 50. Kf6 a2 51. e7 a1=Q+ 52. Kf7 Re5 53. f6 Qa2+ 54. Kf8 1-0

[Event "*** SCC Grand Prix: Titled Tuesday Blitz"]
[Site "Chess.com"]
[Date "2020.08.11"]
[Round "2"]
[White "GiantThresher"]
[Black "Natalya_Buksa"]
[Result "1-0"]
[WhiteElo "2720"]
[BlackElo "2481"]
[TimeControl "180+1"]
[EndTime "10:19:45 PDT"]
[Termination "GiantThresher won on time"]

1. e4 c5 2. Nc3 e6 3. Nf3 d5 4. d4 dxe4 5. Nxe4 cxd4 6. Qxd4 Qxd4 7. Nxd4 Bd7 8. Nb5 Bxb5 9. Bxb5+ Nc6 10. Bf4 Nf6 11.
Nd6+ Bxd6 12. Bxd6 O-O-O 13. Bg3 Rd5 14. Bc4 Rc5 15. Bb3 Nd4 16. O-O-O Nxb3+ 17. axb3 Rd8 18. f3 Rcd5 19. Bf2 b6 20. c4 Rxd1+ 21. Rxd1 Rxd1+ 22.
Kxd1 Nd7 23. Kc2 Kc7 24. b4 Kc6 25. b5+ Kd6 26. b4 e5 27. Kd3 f5 28. Bg1 g6 29.
Be3 Nf6 30. c5+ Kc7 31. Kc4 e4 32. Bd4 exf3 33. gxf3 Nd7 34. c6 Nf8 35. Be5+ Kc8 36. Kd5 g5 37. Bf6 g4 38. f4 Ng6 39. Bg5 h5 40.
Kd4 h4 41. Ke3 Kc7 42. Bf6 Kc8 43. Bc3 h3 44. Be1 Ne7 45. Kd4 Ng6 46. Bg3 Kc7 47.
Kd5 Ne7+ 48. Ke6 Nc8 49. Kxf5 Nd6+ 50. Kxg4 Nxb5 51. Kxh3 Kxc6 52. Kg4 Nd6 53. h4 a5 54.
bxa5 bxa5 55. h5 Nf7 56. Kf5 a4 57. Be1 a3 58. Bc3 Kd6 59. Kg6 Ke7 60. Bb4+ Ke6 61. f5+ 1-0

[Event "*** SCC Grand Prix: Titled Tuesday Blitz"]
[Site "Chess.com"]
[Date "2020.08.11"]
[Round "2"]
[White "CzechmVIII"]
[Black "hellokostya"]
[Result "0-1"]
[WhiteElo "2143"]
[BlackElo "2400"]
[TimeControl "180+1"]
[EndTime "10:19:45 PDT"]
[Termination "hellokostya won on time"]

1. e4 Nc6 2. Nf3 d6 3. d4 Nf6 4. Nc3 g6 5. d5 Nb8 6. h3 Bg7 7. Be3 c6 8. Be2 O-O 9. O-O Nbd7 10. Qd2 Qc7 11. Bh6 Re8 12. Bxg7 Kxg7 13. Nd4 a6 14. a4 cxd5 15. exd5 Nb6 16. Nb3 Bf5 17.
a5 Nc4 18. Bxc4 Qxc4 19. Rfe1 Rac8 20. Rad1 Bd7 21. Qd4 Qxd4 22. Nxd4 Rc5 23. Nb3 Rc4 24. Re3 Kf8 25. Rde1 Bf5 26. R3e2 h5 27. Kh2 Rb4 28. f3 Bxc2 29. Rxc2 Rxb3 30. Rd1 Rc8 31. Re2 Rc7 32. g4 hxg4 33. hxg4 Rb4 34. Kg3 Rbc4 35. Rh2 Kg7 36. g5 Nh5+ 37. Kf2 Rb4 38. Ke1 Nf4 39. Rdd2 Rc5 40. Kd1 Rb3 41. Rh4 Rbxc3 42. bxc3 Nxd5 43.
Rdh2 Nxc3+ 44. Ke1 f6 45. Rh7+ Kf8 46. Rh8+ Kf7 47.
R2h7+ Ke6 48. Re8 Re5+ 49. Kd2 Nd5 50. gxf6 Kxf6 51. Rf8+ Ke6 52. Rb8 Rf5 53. Rxb7 Rxf3 54. Ra7 Rf2+ 55. Ke1 Ra2 56. Rxa6 g5 57. Ra8 Kf5 58.
Rf7+ Ke4 59. Rff8 Ke3 60. Kd1 Kd3 61. Ke1 Ne3 0-1

[Event "*** SCC Grand Prix: Titled Tuesday Blitz"]
[Site "Chess.com"]
[Date "2020.08.11"]
[Round "2"]
[White "kuban1991"]
[Black "boasovietica"]
[Result "1/2-1/2"]
[WhiteElo "2735"]
[BlackElo "2404"]
[TimeControl "180+1"]
[EndTime "10:19:46 PDT"]
[Termination "Game drawn by repetition"]

1. Nf3 c5 2. g3 Nc6 3. Bg2 e5 4.
O-O d6 5. c4 g6 6. Nc3 Bg7 7.
Ne1 Be6 8. d3 Nge7 9. Nc2 d5 10.
cxd5 Nxd5 11. Ne3 Nde7 12. a3 a5 13. Bd2 O-O 14. Rc1 Rb8 15. Ne4 b6 16. Bc3 h6 17.
Nd2 Nd4 18. Nec4 Bd5 19. Bxd5 Nxd5 20. a4 Re8 21. e3 Nc6 22. Qe2 Ndb4 23. Ne4 f5 24.
Ned6 Re6 25. Nb5 Qxd3 26. Qxd3 Nxd3 27. Rcd1 e4 28. f3 Ncb4 29. fxe4 fxe4 30. g4 Nd5 31. h3 Nxc3 32. bxc3 Rf8 33. Rxf8+ Kxf8 34. Rf1+ Kg8 35. Rb1 Ne5 36. Nxe5 Bxe5 37. Rd1 Kf7 38. Rd7+ Re7 39. Rd8 Ke6 40. Kf1 Rd7 41. Rxd7 Kxd7 42. c4 Ke6 43. Ke2 h5 44. Kf2 hxg4 45.
hxg4 Kf6 46. Kg2 Kg5 47. Kh3 Kf6 48. Kg2 Kg5 49. Kh3 Kf6 50. Kg2 1/2-1/2

[Event "*** SCC Grand Prix: Titled Tuesday Blitz"]
[Site "Chess.com"]
[Date "2020.08.11"]
[Round "2"]
[White "Koksik_13"]
[Black "anskam"]
[Result "0-1"]
[WhiteElo "2597"]
[BlackElo "1537"]
[TimeControl "180+1"]
[EndTime "10:19:47 PDT"]
[Termination "anskam won by checkmate"]

1. e4 e5 2. Nf3 Nc6 3. Nc3 Nf6 4. d4 exd4 5. Nxd4 Nxd4 6. Qxd4 d6 7. Bg5 Be7 8. O-O-O O-O 9. Kb1 h6 10. Bc1 a6 11. f3 b5 12. g4 c5 13. h4 cxd4 14.
Rxd4 Be6 15. g5 Nh5 16. gxh6 g6 17. f4 Qa5 18. f5 gxf5 19. exf5 Bxf5 20. Nd5 Bf6 21.
Bd2 Qd8 22. Nxf6+ Qxf6 23. Bc3 Qe6 24. Bg2 Kh7 25. Bd5 Qe3 26. Re1 Qf2 27. Rc1 Rae8 28. Rdd1 Re2 29. Rf1 Bxc2+ 30. Ka1 Qxh4 31. Bxf7 Kxh6 32.
a3 Ng3 33. Rf3 Ne4 34. Bd4 Nd2 35. Rf6+ Qxf6 36. Rh1+ Kg7 37. Bxf6+ Kxf6 38. Bh5 Rh8 39. Rf1+ Ke7 40. Bxe2 Nxf1 41. Bxf1 Rh1 42. b4 Rxf1+ 43. Kb2 Ba4 44. Kc3 Ke6 45. Kd4 d5 46. Ke3 Ke5 47. Kd2 Ke4 48. Kc3 d4+ 49. Kd2 d3 50. Kc3 Ke3 51. Kb2 d2 52. Kc3 d1=Q 53. Kb2 Qc2# 0-1

[Event "*** SCC Grand Prix: Titled Tuesday Blitz"]
[Site "Chess.com"]
[Date "2020.08.11"]
[Round "2"]
[White "Mostii"]
[Black "evgenyermolaev"]
[Result "0-1"]
[WhiteElo "2262"]
[BlackElo "2481"]
[TimeControl "180+1"]
[EndTime "10:19:49 PDT"]
[Termination "evgenyermolaev won on time"]

1. d4 c5 2. Nf3 cxd4 3. g3 g6 4.
Bg2 Bg7 5. Nxd4 Nc6 6. Nxc6 bxc6 7. O-O Nf6 8. c4 O-O 9. Nc3 d6 10. Qc2 Bf5 11. e4 Bg4 12. b3 Qd7 13. Re1 Bh3 14.
Bh1 h5 15. Bb2 h4 16. Rad1 hxg3 17. hxg3 Ng4 18. c5 Qe6 19. cxd6 exd6 20. Ne2 Ne5 21. Nf4 Qd7 22. Nxh3 Qxh3 23. Rxd6 Rad8 24. Bg2 Nf3+ 25. Bxf3 Rxd6 26. Ba3 c5 27. Bxc5 Rc8 28. b4 Bd4 29.
Bg2 Qxg3 30. Bxd4 Qxg2+ 31. Kxg2 Rxc2 32. Bxa7 Rxa2 33. Bc5 Rdd2 34. b5 Re2 35. Rxe2 Rxe2 36. Kf3 Rb2 37. b6 Rb3+ 38. Kf4 Rb5 39. Be3 f6 40.
Kf3 Kf7 41. Ke2 Ke6 42. Kd3 g5 43. Kc4 Rb2 44. Kc5 Kd7 45. Kd5 Rb4 46. Kc5 Rb3 47.
Kd5 Rb4 48. Bd4 Rb1 49. Bxf6 Rxb6 50. Bxg5 Rb5+ 51. Kd4 Rxg5 52. Ke3 Rg8 53. Kf4 Ke6 54. f3 Rf8+ 55. Ke3 Ke5 0-1

[Event "*** SCC Grand Prix: Titled Tuesday Blitz"]
[Site "Chess.com"]
[Date "2020.08.11"]
[Round "2"]
[White "Kaua18"]
[Black "Mikasinski"]
[Result "1-0"]
[WhiteElo "2257"]
[BlackElo "2436"]
[TimeControl "180+1"]
[EndTime "10:19:49 PDT"]
[Termination "Kaua18 won by resignation"]

1. e4 c5 2. Nf3 d6 3. d4 cxd4 4.
Nxd4 Nf6 5. Nc3 g6 6. Be3 Bg7 7. f3 O-O 8. Qd2 Nc6 9. O-O-O Bd7 10. Kb1 Rc8 11. h4 h5 12. Be2 Ne5 13. g4 hxg4 14. h5 gxh5 15. Bh6 Ng6 16. fxg4 Rxc3 17. Bxg7 Kxg7 18.
Qxc3 e5 19. Nf5+ Bxf5 20. exf5 Nf4 21. g5 Ne4 22. f6+ Kg8 23. Qf3 Nxg5 24. Rdg1 Qxf6 25.
Rxh5 Nxh5 26. Qxh5 Rd8 27. Rxg5+ Kf8 28. Rf5 Qg7 29.
b3 Ke7 30. Qh4+ f6 31. Qb4 b6 32. Qa4 Qg1+ 33. Rf1 Qc5 34. Qxa7+ Rd7 35. Qa6 Qe3 36. Qd3 Qc5 37. Qg6 Kd8 38. Bg4 Re7 39. Qg8+ Kc7 40. Qc4 Qxc4 41. bxc4 Rf7 42. Be6 Rf8 43. Kb2 Kc6 44. Kc3 Kc5 45. Rb1 Kc6 46. Bd5+ Kc7 47. Rh1 f5 48. Rh7+ Kd8 49. Rb7 Ke8 50. Rxb6 f4 51.
Rb8+ Ke7 52. Rxf8 Kxf8 53. Kd3 Ke7 1-0

[Event "*** SCC Grand Prix: Titled Tuesday Blitz"]
[Site "Chess.com"]
[Date "2020.08.11"]
[Round "2"]
[White "Xeslu"]
[Black "csati17"]
[Result "1-0"]
[WhiteElo "2308"]
[BlackElo "2587"]
[TimeControl "180+1"]
[EndTime "10:19:51 PDT"]
[Termination "Xeslu won on time"]

1. e4 e6 2. d3 d5 3. Nd2 Nf6 4. Ngf3 Bc5 5. e5 Nfd7 6. d4 Bb6 7. c3 c5 8. dxc5 Bxc5 9. Nb3 Bb6 10. Bb5 Nc6 11. O-O Qc7 12. Bf4 a6 13. Ba4 Ba7 14. Nbd4 b5 15. Bxb5 axb5 16. Nxb5 Qd8 17. Nd6+ Ke7 18.
Re1 h6 19. c4 d4 20. a3 Bb8 21. b4 g5 22. Bg3 Nf8 23. b5 Na5 24. Nxd4 Ba7 25.
Qh5 Rh7 26. Rad1 Qb6 27. h4 Rg7 28. Qxh6 Rg6 29. Qh8 Bb7 30. h5 Nd7 31. N6f5+ exf5 32. Nxf5+ Ke6 33. Ng7+ Rxg7 34. Qxg7 Nxc4 35. Qxg5 Ncxe5 36. Bxe5 Qxf2+ 37. Kh2 f6 38. Qg4+ Qf5 39. Qxf5+ Kxf5 40. Rxd7 fxe5 41. Rxb7 Bd4 42. b6 Rxa3 43. Rf7+ Ke6 44. Rf3 Bxb6 45. Rxa3 Bc7 46. Rae3 Kf5 47. Kh3 Bd6 48. g4+ Kf4 49. h6 Kg5 50. Rxe5+ Kxh6 51. Rh5+ Kg7 52. Re6 Bf4 53. Rf5 Bd2 54. Rd5 Kf7 55.
Re2 Bb4 56. g5 Kg6 57. Kg4 Bf8 58. Re6+ Kf7 59. Kf5 Be7 60. Rd7 Kf8 61. Rexe7 1-0

[Event "*** SCC Grand Prix: Titled Tuesday Blitz"]
[Site "Chess.com"]
[Date "2020.08.11"]
[Round "2"]
[White "AttilaTurzo"]
[Black "BJthechessgod"]
[Result "1-0"]
[WhiteElo "2455"]
[BlackElo "2251"]
[TimeControl "180+1"]
[EndTime "10:19:54 PDT"]
[Termination "AttilaTurzo won by checkmate"]

1. e4 c5 2. Nf3 Nc6 3. d4 cxd4 4. Nxd4 g6 5. c4 Nf6 6. Nc3 d6 7. Be2 Nxd4 8. Qxd4 Bg7 9. O-O O-O 10. Qd3 Be6 11.
Bd2 Nd7 12. b3 Nc5 13. Qe3 a6 14. Rae1 Rc8 15. Kh1 Qd7 16. Bd1 b5 17. Nd5 Bxd5 18.
cxd5 Rc7 19. f4 Nb7 20. Qf3 Rfc8 21. e5 Qd8 22. g4 a5 23. e6 f6 24. f5 g5 25. Qd3 b4 26. h4 h6 27. h5 Qe8 28.
Kg2 Nc5 29. Qd4 Qb5 30. Be2 Qb7 31. Rc1 Bf8 32. Rc4 Na6 33. Rfc1 Rxc4 34. Rxc4 Rxc4 35.
Qxc4 Nc5 36. Be3 Qc7 37. Qb5 Ne4 38. Qc6 Qb8 39. Bd4 Kg7 40. Kf3 Nc3 41. a4 Nb1 42. Bc4 Nd2+ 43. Ke3 Nxc4+ 44. Qxc4 Qb7 45. Qc6 Qb8 46. Bb6 Kg8 47. Bxa5 Qa7+ 48. Bb6 Qa6 49. Qb5 Qb7 50. a5 Qc8 51. a6 Qc3+ 52. Qd3 Qe1+ 53.
Kf3 Qh1+ 54. Kg3 Qe1+ 55. Bf2 Qe5+ 56. Kg2 Qa1 57. a7 Kg7 58. Qc2 Qa5 59. Qc6 Qa1 60.
a8=Q Qb1 61. Qc4 Qg1+ 62. Bxg1 Kh7 63. Qcc8 Bg7 64. Qg8# 1-0

[Event "*** SCC Grand Prix: Titled Tuesday Blitz"]
[Site "Chess.com"]
[Date "2020.08.11"]
[Round "2"]
[White "Grineva_Marianna"]
[Black "crossingthestreet"]
[Result "1/2-1/2"]
[WhiteElo "2185"]
[BlackElo "2401"]
[TimeControl "180+1"]
[EndTime "10:19:54 PDT"]
[Termination "Game drawn by repetition"]

1. e4 c6 2. d4 d5 3. e5 c5 4. c3 Nc6 5. Nf3 cxd4 6. cxd4 Bg4 7. Nc3 e6 8. Be2 Nge7 9. O-O Nf5 10. Be3 Be7 11. h3 Bxf3 12. Bxf3 O-O 13. g3 Rc8 14. Ne2 Qb6 15. b3 Nb4 16. Qd2 Rc2 17. Qd1 Rfc8 18. a3 Na6 19. b4 Nb8 20. Qd3 a5 21. bxa5 Qxa5 22. Rfb1 Qc7 23. Rc1 Nxe3 24. fxe3 Nd7 25. Rab1 h6 26. Rxc2 Qxc2 27. Qxc2 Rxc2 28. Rxb7 Nxe5 29.
dxe5 Bxa3 30. Nd4 Rd2 31. Rb8+ Kh7 32. Kf1 Bc5 33. Ke1 Rh2 34. h4 Ra2 35. Be2 Ra3 36. Kf2 Kg6 37. Rb5 Bxd4 38. exd4 f5 39. Rb6 Kf7 40.
Rb7+ Kg6 41. Re7 Ra4 42. Rxe6+ Kf7 43. Rd6 Rxd4 44. Ke3 Re4+ 45. Kf3 Rxe5 46. Bd3 g6 47. Kf4 Re1 48. Rxd5 Rg1 49. Be2 Rg2 50. Bf3 Rg1 51. Rd7+ Kf6 52. Ra7 g5+ 53. hxg5+ hxg5+ 54. Ke3 Rxg3 55.
Kf2 Rh3 56. Ra6+ Ke5 57. Ra5+ Kf6 58. Bg2 Rb3 59. Bf1 g4 60. Be2 Kg5 61. Ra8 Rb2 62.
Ke3 Rb3+ 63. Kf2 Kf4 64. Ra4+ Kg5 65. Ra8 1/2-1/2

[Event "*** SCC Grand Prix: Titled Tuesday Blitz"]
[Site "Chess.com"]
[Date "2020.08.11"]
[Round "2"]
[White "Aemulus20"]
[Black "sergiochess83"]
[Result "1/2-1/2"]
[WhiteElo "2556"]
[BlackElo "2822"]
[TimeControl "180+1"]
[EndTime "10:19:56 PDT"]
[Termination "Game drawn by repetition"]

1. e4 c6 2. d4 d5 3. Nc3 dxe4 4. Nxe4 Bf5 5. Ng3 Bg6 6. h4 h6 7. Nf3 e6 8. h5 Bh7 9. Bd3 Bxd3 10. Qxd3 Nf6 11. Bd2 Be7 12. O-O-O O-O 13. Ne4 Nxe4 14.
Qxe4 Qd5 15. Qxd5 cxd5 16. Ne5 Nc6 17. Nxc6 bxc6 18. Be3 Rfc8 19. Rh3 c5 20. dxc5 Bxc5 21. Bxc5 Rxc5 22. Rhd3 Rac8 23. c3 Kf8 24. g4 Ke7 25.
Kc2 Kd6 26. f4 f6 27. a4 a5 28. b3 e5 29. Re1 Ke6 30. f5+ Kd6 31. Kb2 Rb8 32. Ka3 Rb7 33. Ree3 Ke7 34. Re2 Rb6 35. Red2 Kd6 36. c4 d4 37. Re2 Rb4 38. Re4 Rc7 39.
Rd2 Kc5 40. Rd3 Re7 41. Kb2 Rb6 42. Kc2 Rd6 43. Kb2 Kb4 44. Kc2 Ka3 45. Kb1 Rb7 46.
Kc2 Rdb6 47. Re1 Kb4 48. Re4 Kc5 49. Re1 Kb4 50. Re4 Rd6 51. Re1 Rc7 52. Re4 Re7 53.
Kb2 Kc5 54. Kc2 Rd8 55. Rd2 Rb7 56. Rd3 Rb6 57. Re1 Rdb8 58. Re4 R8b7 59. Re2 Rc7 60.
Re4 Kb4 61. Re1 Rcb7 1/2-1/2

[Event "*** SCC Grand Prix: Titled Tuesday Blitz"]
[Site "Chess.com"]
[Date "2020.08.11"]
[Round "2"]
[White "Valeron87"]
[Black "igorknyazev"]
[Result "1/2-1/2"]
[WhiteElo "2340"]
[BlackElo "1932"]
[TimeControl "180+1"]
[EndTime "10:19:57 PDT"]
[Termination "Game drawn by stalemate"]

1. e4 e5 2. Nf3 Nf6 3. Nc3 Bb4 4. Nxe5 O-O 5. Nd3 Bxc3 6. dxc3 Nxe4 7. Be2 Qf6 8. O-O d5 9. Nf4 c6 10. c4 d4 11. Bf3 Ng5 12. Be2 Rd8 13. Bd3 Bf5 14.
Re1 Bxd3 15. Nxd3 Nd7 16. Qg4 h6 17. b4 Ne6 18. Bd2 Re8 19. c5 Nef8 20. h4 Ne5 21. Nxe5 Rxe5 22. Rxe5 Qxe5 23. Re1 Qf6 24. Re4 Rd8 25.
Qe2 Ne6 26. g3 Qf5 27. Bc1 Kh7 28. Qd3 b6 29. cxb6 axb6 30. a4 c5 31. bxc5 Nxc5 32. Rf4 Nxd3 33. Rxf5 Nxc1 34. Rxf7 Ra8 35. Rb7 Ra6 36. Kf1 Na2 37. Ke2 Nc3+ 38. Kd3 Nxa4 39. Kxd4 Ra5 40. c4 Rc5 41. f4 Rc6 42. g4 Nb2 43.
Kd5 Rxc4 44. Rxb6 Rc2 45. h5 Nd3 46. Ke4 Nf2+ 47. Kf3 Nd3 48. Rd6 Nc5 49. g5 Rc3+ 50. Kg4 hxg5 51. fxg5 Ne6 52. Rxe6 Rc4+ 53. Kf5 Rc5+ 54.
Re5 Rc4 55. h6 gxh6 56. Re7+ Kg8 57. gxh6 Rc6 58. h7+ Kh8 59. Ra7 Rf6+ 60. Kxf6 1/2-1/2

[Event "*** SCC Grand Prix: Titled Tuesday Blitz"]
[Site "Chess.com"]
[Date "2020.08.11"]
[Round "2"]
[White "Gabrielian_Artur"]
[Black "Donskov_AN"]
[Result "1-0"]
[WhiteElo "2796"]
[BlackElo "2510"]
[TimeControl "180+1"]
[EndTime "10:19:59 PDT"]
[Termination "Gabrielian_Artur won by checkmate"]

1. e4 c5 2. Nc3 Nc6 3. Bb5 g6 4. Bxc6 dxc6 5. d3 Bg7 6. Be3 b6 7. Qd2 h6 8. Nge2 Nf6 9. h3 Nd7 10. O-O-O Nf8 11. d4 cxd4 12. Nxd4 Qc7 13. Nxc6 Bxh3 14.
Nd4 Bd7 15. Nd5 Qb7 16. Bxh6 Bxh6 17. Rxh6 Rxh6 18. Qxh6 Rc8 19. Qh8 Qb8 20. f3 Qg3 21. Qh1 Qe5 22. Qh4 g5 23. Qf2 Ng6 24. Kb1 Kf8 25. g3 Kg7 26. f4 gxf4 27. gxf4 Qxe4 28. f5 Qxd5 29. fxg6 fxg6 30. Qe1 Qf7 31. a3 e5 32.
Qxe5+ Qf6 33. Qe3 Re8 34. Qd2 Bc6 35. Nxc6 Qxc6 36. Qd4+ Qf6 37. Qd7+ Re7 38. Qd8 Rf7 39. Qd2 Qf3 40. Qd4+ Qf6 41. Qd2 Qf3 42. Re1 Qf4 43.
Qc3+ Qf6 44. Qe3 Qf4 45. Qe8 g5 46. Rh1 Rf8 47. Qe7+ Rf7 48. Qd8 Rf8 49. Qd7+ Rf7 50. Qc8 Rf8 51. Qb7+ Rf7 52. Qa8 Kg6 53. Qg8+ Rg7 54.
Qe6+ Qf6 55. Rh6+ Kxh6 56. Qxf6+ Rg6 57. Qh8# 1-0

[Event "*** SCC Grand Prix: Titled Tuesday Blitz"]
[Site "Chess.com"]
[Date "2020.08.11"]
[Round "2"]
[White "Love_craft"]
[Black "ZverevLev"]
[Result "0-1"]
[WhiteElo "2584"]
[BlackElo "2307"]
[TimeControl "180+1"]
[EndTime "10:19:59 PDT"]
[Termination "ZverevLev won by checkmate"]

1. Nf3 d5 2. g3 Nf6 3. Bg2 c6 4.
O-O Bf5 5. d3 h6 6. Nfd2 e6 7. e4 Bh7 8. Qe2 Be7 9. f4 O-O 10.
g4 dxe4 11. dxe4 Na6 12. Nc3 Nc5 13. Kh1 Nfd7 14. b4 Na6 15. a3 f5 16. gxf5 exf5 17. e5 Re8 18. Bb2 Nc7 19. Rad1 Qc8 20. Nc4 Ne6 21. Nd6 Bxd6 22. Rxd6 Qc7 23. Qc4 Nf8 24.
b5 cxb5 25. Qxb5 Kh8 26. Qxb7 Qc4 27. Qc6 Rac8 28. Qxc4 Rxc4 29. Bd5 Rxf4 30. Rxf4 Nxf4 31. Bb3 Rxe5 32. h3 Re8 33. Ra6 Nxh3 34. Kh2 Nf2 35.
Rxa7 Ng4+ 36. Kg3 Re3+ 37. Kg2 Nf6 38. Nb5 Bg8 39. Nd6 Bxb3 40. cxb3 Re2+ 41. Kf3 Rxb2 42. Ra8 Rxb3+ 43. Kf4 Kg8 44. Nxf5 g5+ 45. Ke5 Nd7+ 46.
Kd6 Rb6+ 47. Kc7 Rb5 48. Ne7+ Kf7 49. Nc6 Rc5 50. a4 g4 51. Kd6 Rc1 52. a5 g3 53.
Ra7 g2 54. Ne5+ Kf6 55. Nf3 Rf1 56. Ng1 Rxg1 57. a6 Rd1+ 58. Kc7 g1=Q 59. Rb7 Qc5+ 60.
Kd8 Ne5+ 61. Ke8 Qc8# 0-1

[Event "*** SCC Grand Prix: Titled Tuesday Blitz"]
[Site "Chess.com"]
[Date "2020.08.11"]
[Round "2"]
[White "Resignify"]
[Black "dpopadic"]
[Result "0-1"]
[WhiteElo "2203"]
[BlackElo "2426"]
[TimeControl "180+1"]
[EndTime "10:19:59 PDT"]
[Termination "dpopadic won by resignation"]

1. e4 c5 2. Nc3 Nc6 3. g3 g6 4.
Bg2 Bg7 5. d3 Rb8 6. Be3 d6 7.
f4 Nd4 8. Nf3 b5 9. a3 e6 10.
Rb1 Ne7 11. Ne2 Nxf3+ 12. Bxf3 O-O 13. O-O Bb7 14. d4 c4 15. d5 exd5 16. exd5 a6 17. Bd4 Nf5 18. Bxg7 Kxg7 19. Re1 Qb6+ 20. Kh1 Rfe8 21.
c3 Re3 22. Ng1 Rbe8 23. Qd2 Qc5 24. Rxe3 Rxe3 25. Rd1 Rd3 26. Qe2 Rxd1 27. Qxd1 Ne3 28. Qd2 Nxd5 29. Ne2 Bc6 30. Qd4+ Qxd4 31. Nxd4 Ba8 32.
Nc2 Nc7 33. Bxa8 Nxa8 34. Nb4 Nc7 35. Kg2 Kf6 36. Kf3 Ke6 37. Ke4 f5+ 38. Kd4 Kd7 39.
Nd5 Ne6+ 40. Ke3 Kc6 41. Nf6 Nf8 42. Ng8 Kc5 43. Nf6 a5 44. Nd7+ Nxd7 45. Kd2 Nf6 46. Ke3 Ne4 47. g4 d5 48. gxf5 gxf5 49. h4 b4 50. axb4+ axb4 51. cxb4+ Kxb4 52. Kd4 Nf6 53. Ke5 Kc5 54. Kxf6 d4 55. Kxf5 d3 56. Kg5 d2 57.
Kh6 d1=Q 58. Kxh7 Qf3 59. h5 Qxf4 60. h6 Qf5+ 61. Kg8 Qe6+ 62. Kh7 Qf7+ 63. Kh8 Qf6+ 64.
Kh7 Qxb2 65. Kg8 Qg2+ 0-1

[Event "*** SCC Grand Prix: Titled Tuesday Blitz"]
[Site "Chess.com"]
[Date "2020.08.11"]
[Round "2"]
[White "Gusarov91"]
[Black "140mariam"]
[Result "1/2-1/2"]
[WhiteElo "2640"]
[BlackElo "2316"]
[TimeControl "180+1"]
[EndTime "10:20:00 PDT"]
[Termination "Game drawn by repetition"]

1. d4 e6 2. Nf3 d5 3. c4 Be7 4. Qc2 Nf6 5. g3 O-O 6. Bg2 a6 7. a4 dxc4 8. O-O Bd7 9. Qxc4 b5 10. Qc2 Bc6 11. Rd1 Nd5 12. Nc3 Nb4 13. Qb1 Nd7 14. e4 Nb6 15. a5 Nd7 16. Bf4 Bd6 17. Bg5 Be7 18. Bxe7 Qxe7 19. d5 Bb7 20. Nd4 c5 21. d6 Qd8 22. Nc2 Nc6 23. f4 Nxa5 24. b4 cxb4 25.
Nxb4 Nc4 26. Nc2 Rc8 27. Rd3 Nc5 28. Rd4 Qb6 29. Kh1 Nxd6 30. Qd1 Nc4 31. Rb1 Rfd8 32. Qe2 Rxd4 33. Nxd4 Rd8 34. Qxc4 bxc4 35. Rxb6 Rxd4 36. e5 Bxg2+ 37. Kxg2 g6 38. Rc6 Ne4 39. Nxe4 Rxe4 40. Rxa6 Re2+ 41. Kh3 c3 42. Rc6 c2 43. Rc8+ Kg7 44. g4 Rd2 45. Kg3 h5 46. gxh5 gxh5 47. h4 Kg6 48. Kf3 Kf5 49. Rc4 Rh2 50. Rc7 Kg6 51. Kg3 Rd2 52. Rc8 Kf5 53. Rc4 Rd3+ 54.
Kf2 Rd2+ 55. Kf3 Rh2 56. Rc7 Kg6 57. Kg3 Rd2 58. Rc4 Kf5 59. Kf3 1/2-1/2

[Event "*** SCC Grand Prix: Titled Tuesday Blitz"]
[Site "Chess.com"]
[Date "2020.08.11"]
[Round "2"]
[White "amatatanav"]
[Black "PavelShkapenko"]
[Result "1-0"]
[WhiteElo "2452"]
[BlackElo "2656"]
[TimeControl "180+1"]
[EndTime "10:20:01 PDT"]
[Termination "amatatanav won by resignation"]

1. e4 c5 2. Ne2 e6 3. d4 cxd4 4. Nxd4 Nf6 5. Nc3 Nc6 6. Be2 Bb4 7. O-O Bxc3 8. bxc3 Nxe4 9. Bd3 Nxc3 10. Qg4 Qf6 11. Nxc6 bxc6 12. Bg5 Qe5 13. Bf4 Qd4 14. Qg3 Ne4 15. Bxe4 Qxe4 16. Qxg7 Qxf4 17. Qxh8+ Ke7 18. Qxh7 Ba6 19. Rfe1 Bc4 20. Re4 Qf6 21. Qh4 Bd5 22.
Qxf6+ Kxf6 23. Rb4 c5 24. Rb2 Rg8 25. g3 Rg4 26. f4 Rg8 27. Rc1 c4 28. c3 Be4 29.
Kf2 Rh8 30. Ke3 d5 31. Rf1 a5 32. Rff2 a4 33. a3 Rd8 34. Kd4 Kf5 35. Rb4 f6 36. Rxa4 Bd3 37. Rb4 Ra8 38. a4 Be4 39. Ra2 e5+ 40. fxe5 fxe5+ 41. Kc5 Rc8+ 42. Kb6 d4 43. a5 dxc3 44. a6 c2 45. Ra1 Rd8 46.
Rxc4 Rd1 47. Rxc2 Bxc2 48. Rxd1 Bxd1 49. a7 Bf3 50. Kc5 Ba8 51. h3 Bg2 52. Kc4 Ba8 53. Kd3 Bb7 54. Ke3 Kg5 55. Kd3 Kf5 56. Ke3 Bc6 57. Kf2 Ke4 58. Ke2 Bb5+ 59. Kf2 Bc6 60. Ke2 Kd4 61. h4 e4 62. h5 e3 63. h6 Bb5+ 64.
Ke1 Bc6 65. h7 1-0

[Event "*** SCC Grand Prix: Titled Tuesday Blitz"]
[Site "Chess.com"]
[Date "2020.08.11"]
[Round "2"]
[White "Jovidon91"]
[Black "Pashinskiy_Mikhail"]
[Result "1/2-1/2"]
[WhiteElo "2449"]
[BlackElo "2264"]
[TimeControl "180+1"]
[EndTime "10:20:03 PDT"]
[Termination "Game drawn by agreement"]

1. d4 d6 2. Nf3 Bg4 3. e3 Nf6 4.
Be2 c6 5. O-O e6 6. h3 Bh5 7. c4 d5 8. Nbd2 Nbd7 9. b3 Bd6 10.
Bb2 O-O 11. Rc1 Qe7 12. Re1 Ba3 13. Qc2 a5 14. Nf1 Bg6 15. Qd2 Bb4 16. Qd1 Bxe1 17. Qxe1 a4 18. Ng3 axb3 19. axb3 Ra2 20. Qc3 Ne4 21.
Nxe4 Bxe4 22. Nd2 Bg6 23. c5 Rfa8 24. Bf1 h5 25. b4 h4 26. Nb3 Nf6 27. Na5 Ne4 28. Qb3 R2xa5 29. bxa5 Rxa5 30. Ra1 Nd2 31. Qd1 Rxa1 32. Qxa1 Nxf1 33. Kxf1 Bd3+ 34. Kg1 Ba6 35. Bc3 Qg5 36. Qb1 Qh5 37. Qc2 g5 38. Ba5 g4 39.
Qd1 f5 40. Bc7 Qg6 41. hxg4 fxg4 42. Bf4 h3 43. Qe1 Qe4 44. f3 gxf3 45. Qg3+ Kf7 46. Be5 Qg6 47. Qxf3+ Qf5 48. Qxh3 Qxh3 49. gxh3 Kg6 50.
Kh2 Kh5 51. Kg3 Bd3 52. Bf4 Bf5 53. h4 1/2-1/2

[Event "*** SCC Grand Prix: Titled Tuesday Blitz"]
[Site "Chess.com"]
[Date "2020.08.11"]
[Round "2"]
[White "Oleksandr_Bortnyk"]
[Black "TargetA"]
[Result "1-0"]
[WhiteElo "2985"]
[BlackElo "2594"]
[TimeControl "180+1"]
[EndTime "10:20:04 PDT"]
[Termination "Oleksandr_Bortnyk won by resignation"]

1. e4 e5 2. Nf3 Nc6 3. d4 exd4 4. Nxd4 Nf6 5. Nxc6 bxc6 6. e5 Qe7 7. Qe2 Nd5 8. c4 Nb6 9. h4 Ba6 10. b3 d5 11.
exd6 cxd6 12. Be3 Nd5 13. Bg5 Qxe2+ 14. Bxe2 Nb4 15. Kd1 Bb7 16. Bh5 g6 17. Re1+ Kd7 18.
Bg4+ f5 19. Bf6 Rg8 20. Bf3 Nd3 21. Re2 Nf4 22. Rd2 Bh6 23. Be5 Nd5 24. Rxd5 cxd5 25. Bb2 Bg7 26. Bxg7 Rxg7 27. Nc3 Re7 28. Kd2 d4 29. Bxb7 dxc3+ 30. Kxc3 Rae8 31. Rd1 Kc7 32. Bf3 Re1 33. Rd2 Rc1+ 34. Kb4 Ree1 35. a4 h5 36. a5 Rb1 37. g3 Re5 38. Bd5 Rbe1 39. Bf7 R1e2 40.
Rd3 Rxf2 41. Bxg6 f4 42. gxf4 Rxf4 43. Rh3 Rg4 44. Bd3 Rd4 45. Rf3 Rxh4 46. Rf7+ Kb8 47.
a6 Rg4 48. Bf5 Rg8 49. Bd7 h4 50. Bc6 h3 51. Rb7+ Kc8 52. Rxa7 Rg2 53. Bxg2 hxg2 54. Rg7 Kb8 55. Rxg2 Ka7 56. Rg6 d5 57. c5 Re4+ 58. Kb5 Re7 59. Rd6 Re8 60. Rd7+ Ka8 61. Rxd5 Rb8+ 62.
Ka4 1-0